 Dungeon Crawl Stone Soup version 0.31-a0-981-geadf994542 (webtiles) character file.

Game seed: 8852849162387187173

2 Firecrotchwizard the Ruffian (level 1, 0/10 HPs)
             Began as a Vine Stalker Shapeshifter on Nov 1, 2023.
             Slain by a frilled lizard (2 damage)
             ... on level 1 of the Dungeon.
             The game lasted 00:00:11 (33 turns).

Firecrotchwizard the Ruffian (VSSh)                   Turns: 33, Time: 00:00:12

Health: 0/10       AC:  2    Str: 16    XL:     1   Next: 40%
Magic:  0/2        EV: 12    Int: 10    God:
Gold:   0          SH:  0    Dex: 13    Spells: 0/0 levels left

rFire   . .          .
                       - Unarmed
rCold   . . .        (no shield)
rNeg    . . .        a - +0 animal skin
rPois   .            (helmet currently unavailable)
rElec   .            (cloak currently unavailable)
rCorr   .            (gloves currently unavailable)
SInv    .            (boots currently unavailable)
Will    .....        (no amulet)
Stlth   +            (no ring)
HPRegen 1.01/turn    (no ring)
MPRegen 0.08/turn

%: guardian spirit
@: beast-form
A: beast (slay +1), fangs 2, regeneration 1, magic shield, antimagic bite, no
potion heal 2
a: Begin Untransformation


You were on level 1 of the Dungeon.
You were a hulking beast.
You visited 1 branch of the dungeon, and saw 1 of its levels.

Inventory:

Armour
 a - a +0 animal skin (worn)
Talismans
 c - a beast talisman
 d - a flux talisman
Potions
 b - a potion of lignification


   Skills:
 + Level 1.0 Fighting
 - Level 1.5 Dodging
 * Level 3.1 Unarmed Combat
 + Level 3.0 Shapeshifting


You couldn't memorise any spells.
You didn't know any spells.
Your spell library was empty.

Dungeon Overview and Level Annotations

Branches:
Dungeon (1/15)

Altars:


Innate Abilities, Weirdness & Mutations

You are a hulking beast.
Your limbs bulge with bestial killing power. (Slay +1)
You have extremely sharp teeth.
Your natural rate of healing is unusually fast.
When hurt, damage is shared between your health and your magic reserves.
Your bite disrupts and absorbs the magic of your enemies.
Potions cannot restore your health.


Message History

Lua error: /dgldir/rcfiles/crawl-git/Firecrotchwizard.rc:334: '' expected near 'end' Welcome, Firecrotchwizard the Vine Stalker Shapeshifter.
The heart of this dungeon contains the fantabulous artefact, the Orb of Zot.
Press ? for a list of commands and other information.
Found a staircase leading out of the dungeon.
A goblin comes into view. It is wielding a +0 dagger.
You see here a murky pink potion.
A frilled lizard comes into view.
The goblin shouts!
The frilled lizard hisses angrily.
You hit the goblin.
You kill the goblin!
A rat comes into view.
You see here a +0 dagger.
The rat bites you but does no damage.
You hit the rat. You bite the rat, but do no damage.
The rat is severely wounded.
A kobold comes into view. It is wielding a +0 dagger.
The rat barely misses you.
The kobold shouts!
You hit the rat.
You kill the rat!
You hear a shout!
A kobold comes into view. It is wielding a +0 short sword.
The kobold misses you.
You see here a rat corpse.
You closely miss the kobold. You bite the kobold. You drain its power.
The kobold is severely wounded.
The kobold hits you with a +0 dagger.
You barely miss the kobold. You bite the kobold, but do no damage.
The kobold is severely wounded.
The kobold closely misses you. The frilled lizard bites you.
You hit the kobold but do no damage. You bite the kobold.
You kill the kobold!
The kobold barely misses you. The frilled lizard barely misses you.
Your Fighting skill increases to level 1!
You barely miss the kobold.
The kobold hits you with a +0 short sword.
* * * LOW MAGIC WARNING * * *
The frilled lizard bites you but does no damage.
You hit the kobold but do no damage. Your bite misses the kobold.
The kobold closely misses you.
The frilled lizard bites you but does no damage.
You barely miss the kobold. The kobold closely misses you.
The frilled lizard closely misses you.
You barely miss the kobold.
The kobold hits you with a +0 short sword.
The frilled lizard bites you.
You closely miss the kobold. You bite the kobold, but do no damage.
The kobold hits you with a +0 short sword.
* * * LOW HITPOINT WARNING * * *
The frilled lizard barely misses you.
You barely miss the kobold.
The kobold hits you with a +0 short sword.
* * * LOW HITPOINT WARNING * * *
The frilled lizard bites you.
You die...

.♣ ... .♣♣..♣..♣
...♣♣..♣ .....♣.. .♣
...♣.$.♣♣..♣...♣ .
#....♣..♣...♣.. .♣ #
#.....♣♣......♣♣.♣
###.........♣♣..♣.♣♣
##....♣♣.♣♣.!♣...♣.♣♣♣♣♣
......K♣l).♣...♣..♣...♣.
♣)h.♣.......♣.♣♣♣.♣
♣....♣♣....♣...♣ ♣.♣
♣...♣....♣....♣♣.♣ .♣♣
......♣......♣♣...♣♣.♣..
##♣♣♣ ♣♣♣♣♣♣♣♣♣♣♣♣♣♣♣♣♣♣


You could see a kobold and a frilled lizard.

Vanquished Creatures
  A goblin (D:1)
  A kobold (D:1)
  A rat (D:1)
3 creatures vanquished.

Notes
Turn   | Place    | Note
-------+----------+-------------------------------------------
     0 | D:1      | Firecrotchwizard the Vine Stalker Shapeshifter began the
                  | quest for the Orb.
     0 | D:1      | Reached XP level 1. HP: 9/9 MP: 2/2
    28 | D:1      | Reached skill level 1 in Fighting
    33 | D:1      | Slain by a frilled lizard

Illustrated notes

Levels and vault maps discovered:
D:1:      erik_arrival_cave_to_civilisation [erik_arrival_cave_to_hall],
          layout_loops_ring

Skill      XL: |  1 |
---------------+----+-----
Fighting       | 1 |  1.0
Dodging        | |  1.5
Unarmed Combat | |  3.1
Shapeshifting  | |  3.0

Action                     || total
---------------------------++-------
  Melee: Unarmed           ||    12
         Bite              ||     5
 Armour: Animal skin       ||    11
  Dodge: Dodged            ||     9

Table legend: (Time is in decaauts)
 A = Elapsed time spent in this place.
 B = Non-inter-level travel time spent in this place.
 C = Inter-level travel time spent in this place.
 D = Time resting spent in this place.
 E = Time spent auto-exploring this place.
 F = Levels seen in this place.
 G = Mean time per level.
                   A        B        C        D        E       F      G
               +--------+--------+--------+--------+--------+-----+--------+
         Total |     32 |     32 |      0 |      0 |     16 |   1 |   32.0 |
       Dungeon |     32 |     32 |      0 |      0 |     16 |   1 |   32.0 |
               +--------+--------+--------+--------+--------+-----+--------+

Top non-repeatable levels by time:
     D:1: 32 daAuts
